 Dungeon Sprint DCSS version 0.28.0-45-g0d030f2227 (webtiles) character file.

Game seed: 11613158084119752417

1018 McKennaii the Fighter (level 7, -23/71 HPs)
             Began as a Demigod Fighter on Apr 18, 2022.
             Annihilated by a boulder beetle (26 damage)
             ... in the Dungeon (Sprint II: "The Violet Keep of Menkaure").
             The game lasted 00:02:48 (874 turns).

McKennaii the Fighter (Demigod Fighter)              Turns: 874, Time: 00:02:49

Health: -23/71     AC:  8    Str: 25    XL:     7   Next: 70%
Magic:  9/9        EV:  9    Int: 10    God:
Gold:   729        SH:  4    Dex: 13    Spells: 6/6 levels left

rFire   . . .      SeeInvis .   a - +0 trident
rCold   . . .      Faith    .   c - +0 buckler
rNeg    . . .      Spirit   .   b - +0 scale mail
rPois   .          Reflect  .   (no helmet)
rElec   .          Harm     .   (no cloak)
rCorr   .          Rampage  .   (no gloves)
Will    .....      NoTele   +   (no boots)
Stlth   ..........              (no amulet)
HPRegen 0.21/turn               (no ring)
MPRegen 0.11/turn               (no ring)

@: mighty
A: high MP 1, forlorn, divine attributes
a: no special abilities


You were in the Dungeon.
You visited 1 branch You collected 729 gold pieces.

Inventory:

Hand Weapons
 a - a +0 trident (weapon)
Armour
 b - a +0 scale mail (worn)
 c - a +0 buckler (worn)
Scrolls
 j - a scroll of blinking
Potions
 e - a potion of curing
 f - a potion of heal wounds
 g - a potion of haste
 h - 2 potions of magic


   Skills:
 + Level 9.8 Fighting
 + Level 9.5 Polearms
 + Level 9.7 Armour
 - Level 2.6 Shields


You had 6 spell levels left.
You didn't know any spells.
Your spell library was empty.

Dungeon Overview and Level Annotations

Branches:
Dungeon (1/1)

Shops:
D (::[=?![(?*=([!

Annotations:
D exclusion: oklob plant


Innate Abilities, Weirdness & Mutations

You have an increased reservoir of magic. (+10% MP)
You shall have no god before yourself.
Your divine heritage dramatically boosts your attributes as you level up.


Message History

The boulder beetle bites you but does no damage.
You puncture the boulder beetle!
The boulder beetle is lightly wounded.
The boulder beetle bites you.
You hit the boulder beetle.
The boulder beetle is lightly wounded.
The boulder beetle leaps!
The boulder beetle bites you!!
You puncture the boulder beetle!
The boulder beetle is moderately wounded.
The boulder beetle curls into a ball and begins rolling!
The boulder beetle leaps!
You close the door.
Reach: a) +0 trident
Press: ? - help, Dir - move target, f - boulder beetle
Aim: a boulder beetle (lightly wounded, about 9% to evade your +0 trident)
You reach to attack!
You hit the boulder beetle but do no damage.
The boulder beetle is lightly wounded.
Unknown command.
You hit the boulder beetle but do no damage.
The boulder beetle is lightly wounded.
Unknown command.
You completely miss the boulder beetle.
The boulder beetle is lightly wounded.
The boulder beetle barely misses you.
The boulder beetle stops rolling and uncurls.
The boulder beetle bites you.
Unknown command.
You impale the boulder beetle!!
The boulder beetle is heavily wounded.
The boulder beetle completely misses you.
The boulder beetle bites you! The boulder beetle bites you.
Unknown command.
You hit the boulder beetle but do no damage.
The boulder beetle is heavily wounded.
The boulder beetle bites you!!
* * * LOW HITPOINT WARNING * * *
The boulder beetle bites you!!
You die...

≈## ##########≈≈#++
#########≈≈≈...
........#≈≈≈≈.##+##
...⌠....#≈≈≈≈##.#.##
..∩.∩...#≈≈≈≈#..#..#
...∩.∩..#≈≈#####.### #
∩.∩.∩.∩.#≈##.###'# .##
.∩...∩.∩#≈#...##@##$..#
∩.....∩.'≈'##.÷BB.+#
.......∩#≈#...##.##°..#
▓▓▓▓▓▓###≈##.###'## .##
$GG######≈≈####.).## #
?.G#l$ ##≈≈≈#..#..#
∩P?+$.#+ +#≈##...##
["$#$##§# ≈≈##+##
=$.###≈≈§ ≈≈≈≈≈≈


You could see 2 boulder beetles.

Vanquished Creatures
  A merfolk siren (D)
  Menkaure (D)
  4 necrophages (D)
  4 scorpions (D)
10 creatures vanquished.

Notes
Turn   | Place    | Note
-------+----------+-------------------------------------------
     0 | D        | McKennaii the Demigod Fighter began the quest for the Orb.
     0 | D        | Reached XP level 1. HP: 18/18 MP: 3/3
     1 | D        | Noticed a scorpion
     1 | D        | Noticed a scorpion
     4 | D        | Killed a scorpion
     5 | D        | Reached XP level 2. HP: 28/28 MP: 4/4
     5 | D        | Reached XP level 3. HP: 34/34 MP: 5/5
    13 | D        | Killed a scorpion
    14 | D        | Reached skill level 5 in Fighting
    14 | D        | Reached skill level 5 in Polearms
    14 | D        | Reached skill level 5 in Armour
    14 | D        | Reached XP level 4. HP: 35/42 MP: 6/6
   233 | D        | Reached XP level 5. HP: 50/50 MP: 7/7
   491 | D        | Noticed a necrophage
   491 | D        | Noticed a necrophage
   491 | D        | Noticed a necrophage
   491 | D        | Noticed a necrophage
   507 | D        | Killed a necrophage
   508 | D        | Reached XP level 6. HP: 45/60 MP: 8/8
   629 | D        | Noticed a boulder beetle
   629 | D        | Noticed a boulder beetle
   633 | D        | Noticed a merfolk siren
   641 | D        | Killed a merfolk siren
   642 | D        | Reached XP level 7. HP: 66/70 MP: 9/9
   654 | D        | Noticed a flying skull
   654 | D        | Noticed a flying skull
   655 | D        | Noticed a flying skull
   655 | D        | Noticed a flying skull
   655 | D        | Noticed a flying skull
   655 | D        | Noticed a flying skull
   655 | D        | Noticed a flying skull
   656 | D        | Noticed a flying skull
   657 | D        | Noticed a flying skull
   657 | D        | Noticed a flying skull
   671 | D        | Found Ithyib's Distillery.
   672 | D        | Found Yjaaneif's Antique Armour Boutique.
   672 | D        | Found Sutos's Assorted Antiques.
   672 | D        | Found Detapebadd's Jewellery Shop.
   672 | D        | Found Kaohaig's Weapon Boutique.
   672 | D        | Found Remif's Magic Scroll Boutique.
   672 | D        | Found Uzxoeqiu's Distillery.
   672 | D        | Found Egunloeg's Armour Shop.
   673 | D        | Found Wonegha's Magic Scroll Shop.
   673 | D        | Found Sometu's Jewellery Boutique.
   673 | D        | Noticed a shining eye
   674 | D        | Found Caneom's Antique Weapon Boutique.
   674 | D        | Noticed a shining eye
   675 | D        | Found Pumin's Antique Armour Shop.
   675 | D        | Noticed Menkaure
   675 | D        | Noticed a shining eye
   675 | D        | Noticed an oklob plant
   676 | D        | Found Ceth's Book Shop.
   676 | D        | Found Adotz's Weapon Boutique.
   676 | D        | Found Byvvumok's Book Shoppe.
   691 | D        | Killed Menkaure
   694 | D        | Noticed an ice dragon
   695 | D        | Noticed a wyvern
   695 | D        | Noticed a wyvern
   874 | D        | HP: 3/71 [boulder beetle (28)]
   874 | D        | Annihilated by a boulder beetle

Illustrated notes

Levels and vault maps discovered:
D:        the_violet_keep_of_menkaure [sprint2_stairs_cluster_1,
          sprint2_shoproom, sprint2_temple, sprint2_basic_supplies,
          sprint2_obstacle_1, sprint2_obstacle_6, sprint2_obstacle_5,
          sprint2_obstacle_4, sprint2_obstacle_3, sprint2_timed_cluster_1,
          sprint2_smallroom_cluster_1, sprint2_smallroom_final_cluster_1,
          sprint2_transparent_cluster_1, sprint2_second_timed_cluster_1,
          sprint2_sniper_area_1, sprint2_heavy_combat_area_1,
          sprint2_mutation_trap_area_1, sprint2_forest_area_1,
          sprint2_light_combat_area_1, sprint2_behind_water_1,
          sprint2_near_end_vault_1]

Skill      XL: |  1  2  3  4  5  6 |
---------------+-------------------+-----
Fighting       | 4 5 6 7 9 |  9.8
Polearms       | 4 5 6 7 9 |  9.5
Armour         | 4 5 6 7 9 |  9.7
Shields        | |  2.6

Action                   |  1- 3 |  4- 6 |  7- 9 || total
-------------------------+-------+-------+-------++-------
Melee: Trident           |    11 |    62 |    18 ||    91
  Use: Potion            |     1 |       |     1 ||     2
Armor: Scale mail        |     1 |    12 |     3 ||    16
Dodge: Dodged            |     2 |    19 |     4 ||    25
Block: Buckler           |     2 |     9 |     1 ||    12
